BSA
BEECH MOUNTAIN MOUNTAINEERS @ NEW YORK KNIGHTS
08/11/2028
 
TOP OF THE 1ST
Beech Mountain Mountaineers batting - Pitching for New York Knights : RHP Thatcher Smith
Pitching: RHP Thatcher Smith
Batting: SHB Félix Montoya 0-0: Called Strike
0-1: Ball
1-1: Ball
2-1: Called Strike
2-2: Strikes out swinging
Batting: SHB Miguel González 0-0: Called Strike
0-1: Called Strike
0-2: Foul Ball, location: 2F
0-2: Ball
1-2: Ball
2-2: SINGLE (Groundball, 4) (infield hit)
Batting: SHB Juan Castro 0-0: Ball
1-0: Swinging Strike
1-1: Swinging Strike
1-2: Ball
2-2: Fly out, F9 (Flyball, 89S)
Batting: LHB Robert Phillips 0-0: Fly out, F7 (Flyball, 78XD)
Top of the 1st over - 0 run(s), 1 hit(s), 0 error(s), 1 left on base; Beech Mountain 0 - New York 0
BOTTOM OF THE 1ST
New York Knights batting - Pitching for Beech Mountain Mountaineers : LHP Simon Martel
Pitching: LHP Simon Martel
Batting: LHB Warren Potter 0-0: Fly out, F7 (Line Drive, 7LM)
Batting: RHB Jacob Pope 0-0: Ball
1-0: Fly out, F9 (Line Drive, 9D)
Batting: RHB Pepe Carrasco 0-0: SINGLE (Groundball, 4MD)
Batting: RHB Vic Langlois 0-0: Ball
1-0: Swinging Strike
1-1: Ball
2-1: Ball
3-1: Foul Ball, location: 2F
3-2: Fly out, F8 (Flyball, 8LS)
Bottom of the 1st over - 0 run(s), 1 hit(s), 0 error(s), 1 left on base; Beech Mountain 0 - New York 0
TOP OF THE 2ND
Beech Mountain Mountaineers batting - Pitching for New York Knights : RHP Thatcher Smith
Batting: SHB Rick Turner 0-0: Called Strike
0-1: Ball
1-1: Foul Ball, location: 2F
1-2: Foul Ball, location: 2F
1-2: Ball
2-2: Ball
3-2: SINGLE (Groundball, 3) (infield hit)
Pinch Runner at 1st Pedro Rodríguez:
Batting: LHB Pedro Gonzáles 0-0: Called Strike
0-1: Fly out, F8 (Flyball, 78M)
Batting: RHB R.J. Parker 0-0: Ball
1-0: Ball
2-0: Ball
3-0: Called Strike
3-1: Called Strike
3-2: SINGLE (Flyball, 8RS)
Pedro Rodríguez to second
Batting: LHB Tommy Payne 0-0: Ball
1-0: Ball
2-0: Foul Ball, location: 2F
2-1: TRIPLE (Line Drive, 8RS)
Pedro Rodríguez scores
R.J. Parker scores
Batting: RHB Rafael González 0-0: Called Strike
0-1: Ball
1-1: Foul Ball, location: 2F
1-2: Ball
2-2: Ball
3-2: Foul Ball, location: 2F
3-2: Base on Balls
Batting: SHB Félix Montoya 0-0: Ball
1-0: Fly out, F6 (Flyball, 56D)
Batting: SHB Miguel González 0-0: Foul Ball, location: 2F
0-1: Ball
1-1: Fly out, F8 (Flyball, 78M)
Top of the 2nd over - 2 run(s), 3 hit(s), 0 error(s), 2 left on base; Beech Mountain 2 - New York 0
BOTTOM OF THE 2ND
New York Knights batting - Pitching for Beech Mountain Mountaineers : LHP Simon Martel
Batting: RHB Lonnie Anderson 0-0: Swinging Strike
0-1: Fly out, F9 (Line Drive, 89M)
Batting: RHB Steve Sampson 0-0: Ground out 5-3 (Groundball, 56)
Batting: RHB Felipe Rodríguez 0-0: Ball
1-0: Called Strike
1-1: Ball
2-1: Fly out, F7 (Flyball, 7S)
Bottom of the 2nd over - 0 run(s), 0 hit(s), 0 error(s), 0 left on base; Beech Mountain 2 - New York 0
TOP OF THE 3RD
Beech Mountain Mountaineers batting - Pitching for New York Knights : RHP Thatcher Smith
Batting: SHB Juan Castro 0-0: Ball
1-0: Called Strike
1-1: Ball
2-1: Ball
3-1: Foul Ball, location: 2F
3-2: Foul Ball, location: 2F
3-2: Foul Ball, location: 2F
3-2: Fly out, F4 (Popup, 4D)
Batting: LHB Robert Phillips 0-0: Called Strike
0-1: Ball
1-1: Ball
2-1: Foul Ball, location: 2F
2-2: Fly out, F8 (Flyball, 8LXD)
Batting: LHB Pedro Rodríguez 0-0: Called Strike
0-1: Ball
1-1: Ball
2-1: Foul Ball, location: 2F
2-2: Strikes out swinging
Top of the 3rd over - 0 run(s), 0 hit(s), 0 error(s), 0 left on base; Beech Mountain 2 - New York 0
BOTTOM OF THE 3RD
New York Knights batting - Pitching for Beech Mountain Mountaineers : LHP Simon Martel
Batting: SHB Marvin Harris 0-0: Called Strike
0-1: Swinging Strike
0-2: Ball
1-2: Ball
2-2: Ground out 6-3 (Groundball, 6)
Batting: LHB Mike Harris 0-0: Called Strike
0-1: Ground out U3 (Groundball, 34S)
Batting: LHB Warren Potter 0-0: Ball
1-0: Called Strike
1-1: Ball
2-1: Foul Ball, location: 2F
2-2: DOUBLE (Line Drive, 9LD)
Batting: RHB Jacob Pope 0-0: Ball
1-0: SINGLE (Groundball, 34D)
Warren Potter to third
Runner from 3rd tries for Home, SAFE, no throw
Batting: RHB Pepe Carrasco 0-0: Ball
1-0: Called Strike
1-1: Ball
2-1: Called Strike
2-2: SINGLE (Groundball, 34D)
Jacob Pope to second
Runner from 2nd tries for 3rd, SAFE, throw made to third
Pepe Carrasco to second
Batting: RHB Vic Langlois 0-0: Foul Ball, location: 2F
0-1: SINGLE (Groundball, 56D)
Jacob Pope scores
Pepe Carrasco to third
Runner from 3rd tries for Home, SAFE, no throw
Batting: RHB Lonnie Anderson 0-0: Ball
1-0: Called Strike
1-1: Foul Ball, location: 2F
1-2: Strikes out looking
Bottom of the 3rd over - 3 run(s), 4 hit(s), 0 error(s), 1 left on base; Beech Mountain 2 - New York 3
TOP OF THE 4TH
Beech Mountain Mountaineers batting - Pitching for New York Knights : RHP Thatcher Smith
Batting: LHB Pedro Gonzáles 0-0: Ball
1-0: Called Strike
1-1: Ball
2-1: Fly out, F8 (Flyball, 78D)
Batting: RHB R.J. Parker 0-0: Hit by Pitch
Batting: LHB Tommy Payne 0-0: Grounds into double play, 4-6-3 (Groundball, 4)
Top of the 4th over - 0 run(s), 0 hit(s), 0 error(s), 0 left on base; Beech Mountain 2 - New York 3
BOTTOM OF THE 4TH
New York Knights batting - Pitching for Beech Mountain Mountaineers : LHP Simon Martel
Batting: RHB Steve Sampson 0-0: Called Strike
0-1: Foul Ball, location: 2F
0-2: Strikes out swinging
Batting: RHB Felipe Rodríguez 0-0: Called Strike
0-1: Ball
1-1: Foul Ball, location: 2F
1-2: Strikes out swinging
Batting: SHB Marvin Harris 0-0: Ball
1-0: Ball
2-0: Called Strike
2-1: Ball
3-1: Called Strike
3-2: Fly out, F9 (Flyball, 9S)
Bottom of the 4th over - 0 run(s), 0 hit(s), 0 error(s), 0 left on base; Beech Mountain 2 - New York 3
TOP OF THE 5TH
Beech Mountain Mountaineers batting - Pitching for New York Knights : RHP Thatcher Smith
Batting: RHB Rafael González 0-0: Fly out, F3 (Popup, 3D)
Batting: SHB Félix Montoya 0-0: Swinging Strike
0-1: Ball
1-1: Ball
2-1: Ground out 6-3 (Groundball, 6)
Batting: SHB Miguel González 0-0: Swinging Strike
0-1: Ball
1-1: Called Strike
1-2: Ground out 3-1 (Groundball, 34)
Top of the 5th over - 0 run(s), 0 hit(s), 0 error(s), 0 left on base; Beech Mountain 2 - New York 3
BOTTOM OF THE 5TH
New York Knights batting - Pitching for Beech Mountain Mountaineers : LHP Simon Martel
Batting: LHB Mike Harris 0-0: Called Strike
0-1: Ball
1-1: Ground out 6-3 (Groundball, 6)
Batting: LHB Warren Potter 0-0: Called Strike
0-1: Ball
1-1: Ball
2-1: Called Strike
2-2: Foul Ball, location: 2F
2-2: Ball
3-2: Fly out, F7 (Flyball, 7LMF)
Batting: RHB Jacob Pope 0-0: Ball
1-0: Called Strike
1-1: Ground out 6-3 (Groundball, 6)
Bottom of the 5th over - 0 run(s), 0 hit(s), 0 error(s), 0 left on base; Beech Mountain 2 - New York 3
TOP OF THE 6TH
Beech Mountain Mountaineers batting - Pitching for New York Knights : RHP Thatcher Smith
Pitching: RHP Sancho Mendoza
Batting: SHB Juan Castro 0-0: Ball
1-0: Ball
2-0: Ball
3-0: Base on Balls
Batting: LHB Robert Phillips 0-0: Ball
1-0: Ground out 4-3 (Groundball, 4S)
Juan Castro to second
Batting: LHB Pedro Rodríguez 0-0: Called Strike
0-1: Fly out, F7 (Flyball, 7)
Batting: LHB Pedro Gonzáles 0-0: Foul Ball, location: 2F
0-1: Swinging Strike
0-2: Ball
1-2: Ball
2-2: Ball
3-2: Foul Ball, location: 2F
3-2: Hit by Pitch
Batting: RHB R.J. Parker 0-0: Foul Ball, location: 2F
0-1: Ball
1-1: Foul Ball, location: 2F
1-2: Strikes out swinging
Top of the 6th over - 0 run(s), 0 hit(s), 0 error(s), 2 left on base; Beech Mountain 2 - New York 3
BOTTOM OF THE 6TH
New York Knights batting - Pitching for Beech Mountain Mountaineers : LHP Simon Martel
Batting: RHB Pepe Carrasco 0-0: Called Strike
0-1: Called Strike
0-2: Ball
1-2: Foul Ball, location: 2F
1-2: SINGLE (Groundball, 6MD)
Batting: RHB Vic Langlois 0-0: Foul Ball, location: 2F
0-1: Called Strike
0-2: Foul Ball, location: 2F
0-2: Strikes out swinging
Batting: RHB Lonnie Anderson 0-0: Called Strike
0-1: Called Strike
0-2: Reached on error, E1 (Groundball, P)
Pepe Carrasco to second
Batting: RHB Steve Sampson 0-0: Ball
1-0: Foul Ball, location: 2F
1-1: Reached on error, E6 (Groundball, 6MD)
Pepe Carrasco scores
Lonnie Anderson to third
Batting: RHB Felipe Rodríguez 0-0: Called Strike
0-1: Swinging Strike
0-2: Ball
1-2: Ball
2-2: Ground out 6-3 (Groundball, 6)
Batting: SHB Marvin Harris 0-0: Ball
1-0: Foul Ball, location: 2F
1-1: Foul Ball, location: 2F
1-2: Ball
2-2: Fly out, F8 (Flyball, 8RM)
Bottom of the 6th over - 1 run(s), 1 hit(s), 2 error(s), 2 left on base; Beech Mountain 2 - New York 4
TOP OF THE 7TH
Beech Mountain Mountaineers batting - Pitching for New York Knights : RHP Sancho Mendoza
Batting: LHB Tommy Payne 0-0: Ball
1-0: Called Strike
1-1: Ground out 4-3 (Groundball, 4)
Batting: RHB Rafael González 0-0: Ball
1-0: Swinging Strike
1-1: Called Strike
1-2: Fly out, F9 (Flyball, 89M)
Batting: SHB Félix Montoya 0-0: Foul Ball, location: 2F
0-1: Called Strike
0-2: Ball
1-2: Ball
2-2: Ball
3-2: SINGLE (Groundball, 56D)
Batting: SHB Miguel González 0-0: Ball
Félix Montoya steals 2nd base
1-0: Fly out, F7 (Line Drive, 7)
Top of the 7th over - 0 run(s), 1 hit(s), 0 error(s), 1 left on base; Beech Mountain 2 - New York 4
BOTTOM OF THE 7TH
New York Knights batting - Pitching for Beech Mountain Mountaineers : LHP Simon Martel
Pitching: RHP Matthew Scott
Batting: LHB Mike Harris 0-0: Ball
1-0: Called Strike
1-1: Ball
2-1: Foul Ball, location: 2F
2-2: SINGLE (Flyball, 7LS)
Batting: LHB Warren Potter 0-0: Ball
1-0: Sac Bunt - play at first, batter OUT! 1-4
Mike Harris to second
Batting: RHB Jacob Pope 0-0: Ball
1-0: Fly out, F9 (Flyball, 89D)
Runner from 2nd tags up, SAFE at 3rd, no throw
Batting: RHB Pepe Carrasco 0-0: Ball
1-0: Called Strike
1-1: Fly out, F9 (Flyball, 9D)
Bottom of the 7th over - 0 run(s), 1 hit(s), 0 error(s), 1 left on base; Beech Mountain 2 - New York 4
TOP OF THE 8TH
Beech Mountain Mountaineers batting - Pitching for New York Knights : RHP Sancho Mendoza
Batting: SHB Juan Castro 0-0: Ball
1-0: Ball
2-0: Foul Ball, location: 2F
2-1: Foul Ball, location: 2F
2-2: Foul Ball, location: 2F
2-2: Strikes out looking
Batting: LHB Robert Phillips 0-0: Foul Ball, location: 2F
0-1: Swinging Strike
0-2: Ball
1-2: Ball
2-2: Ball
3-2: Foul Ball, location: 2F
3-2: Foul Ball, location: 2F
3-2: Ground out 4-3 (Groundball, 4)
Pitching: LHP Steven England
Batting: LHB Pedro Rodríguez 0-0: Called Strike
0-1: Ball
1-1: Ball
2-1: Ball
3-1: Base on Balls
Pitching: LHP Juan Ortíz
Batting: LHB Pedro Gonzáles 0-0: Swinging Strike
Balk!
Pedro Rodríguez to second
0-1: Ground out U3 (Groundball, 34)
Top of the 8th over - 0 run(s), 0 hit(s), 0 error(s), 1 left on base; Beech Mountain 2 - New York 4
BOTTOM OF THE 8TH
New York Knights batting - Pitching for Beech Mountain Mountaineers : RHP Matthew Scott
Batting: RHB Vic Langlois 0-0: Foul Ball, location: 2F
0-1: Fly out, F9 (Flyball, 89S)
Batting: RHB Lonnie Anderson 0-0: Called Strike
0-1: Ball
1-1: Foul Ball, location: 2F
1-2: Strikes out looking
Batting: RHB Steve Sampson 0-0: Called Strike
0-1: SINGLE (Groundball, 6M) (infield hit)
Batting: RHB Felipe Rodríguez 0-0: Called Strike
0-1: Foul Ball, location: 2F
0-2: Ground out 5-3 (Groundball, 56S)
Bottom of the 8th over - 0 run(s), 1 hit(s), 0 error(s), 1 left on base; Beech Mountain 2 - New York 4
TOP OF THE 9TH
Beech Mountain Mountaineers batting - Pitching for New York Knights : LHP Juan Ortíz
Pitching: RHP Paco Ruíz
Batting: RHB R.J. Parker 0-0: Ball
1-0: Ball
2-0: Foul Ball, location: 2F
2-1: Ball
3-1: Called Strike
3-2: Strikes out looking
Batting: LHB Tommy Payne 0-0: Called Strike
0-1: Swinging Strike
0-2: Ground out U3 (Groundball, 34)
Batting: RHB Rafael González 0-0: Foul Ball, location: 2F
0-1: Foul Ball, location: 2F
0-2: Ball
1-2: Ball
2-2: Ground out 1-3 (Groundball, P)
Top of the 9th over - 0 run(s), 0 hit(s), 0 error(s), 0 left on base; Beech Mountain 2 - New York 4
Tuesday, August 8th, 2017 - OOTP Baseball 17.12 Build 75